 Dungeon Crawl Stone Soup version 0.29-a0-234-g0dae59b3db (webtiles) character file.

Game seed: 4459710193787458095

436 HotDog the Covered (level 7, -1/44 HPs)
             Began as a Gargoyle Fighter on Mar 2, 2022.
             Was an Initiate of the Shining One.
             Slain by a water moccasin (2 damage)
             ... on level 6 of the Dungeon.
             The game lasted 00:07:06 (5749 turns).

HotDog the Covered (Gargoyle Fighter)               Turns: 5749, Time: 00:07:08

Health: -1/44      AC: 10    Str: 21    XL:     7   Next: 1%
Magic:  7/7        EV:  7    Int:  9    God:    the Shining One [......]
Gold:   154        SH:  5    Dex: 12    Spells: 6/6 levels left

rFire   . . .      SeeInvis .   t - +2 flail (holy)
rCold   . . .      Faith    .   c - +0 buckler
rNeg    + . .      Spirit   .   r - +0 chain mail
rPois   ∞          Reflect  .   b - -4 hat of Nice Intercession {Regen+ rCorr Dex+3 Stlth+}
rElec   +          Harm     .   (no cloak)
rCorr   +          Rampage  .   (no gloves)
Will    .....                   (no boots)
Stlth   ..........              (no amulet)
HPRegen 0.94/turn               (no ring)
MPRegen 0.10/turn               (no ring)

@: glowing
A: sickness immunity, AC +4, negative energy resistance 1, electricity
resistance, torment resistance 1, petrification resistance
a: Renounce Religion


You were on level 6 of the Dungeon.
You worshipped the Shining One.
The Shining One was noncommittal.
You visited 2 branches of the dungeon, and saw 7 of its levels.

You collected 154 gold pieces.

Inventory:

Hand Weapons
 t - a +2 flail of holy wrath (weapon)
Missiles
 o - 2 throwing nets (quivered)
Armour
 b - the -4 hat of Nice Intercession (worn) {Regen+ rCorr Dex+3 Stlth+}
   (You acquired it on level 4 of the Dungeon)

   Dex:       It affects your dexterity (+3).
   Regen:     It increases your rate of health regeneration.
   rCorr:     It protects you from acid and corrosion.
   Stlth:     It makes you more stealthy.
 c - a +0 buckler (worn)
 m - a +1 helmet
 r - a +0 chain mail (worn)
Jewellery
 f - an amulet of faith
Wands
 k - a wand of charming (8)
Scrolls
 s - a scroll of identify
Potions
 d - a potion of might
 e - a potion of lignification {unknown}
 g - a potion of resistance {unknown}
 h - 3 potions of attraction
 i - a potion of magic
 j - a potion of degeneration {unknown}
 l - a potion of mutation {unknown}
 n - a potion of brilliance {unknown}
 p - a potion of flight {unknown}
 q - a potion of berserk rage


   Skills:
 * Level 4.5 Fighting
 * Level 4.7 Maces & Flails
 * Level 4.8 Armour
 * Level 1.4 Dodging
 * Level 4.1 Shields
 * Level 0.7 Invocations


You had 6 spell levels left.
You didn't know any spells.
Your spell library contained the following spells:

 Spells                   Type           Power      Damage    Failure   Level
 Animate Skeleton         Necr           0%         N/A       99%         1
 Apportation              Tloc           0%         N/A       99%         1
 Summon Small Mammal      Summ           0%         N/A       99%         1


Dungeon Overview and Level Annotations

Branches:
Dungeon (5/15)             Temple (1/1) D:4

Altars:
Ashenzari
Cheibriados
Dithmenos
Gozag
Hepliaklqana
Nemelex Xobeh
Okawaru
Qazlal
Ru
Uskayaw
Vehumet
Yredelemnul
Zin
The Shining One


Innate Abilities, Weirdness & Mutations

You are immune to sickness and miasma.
Your stone body is resilient. (AC +4)
You are immune to poison.
You resist negative energy. (rN+)
You are resistant to electric shocks. (rElec)
You are resistant to unholy torment.
You are immune to petrification.


Message History

The orc priest shouts!
You hit the water moccasin.
The water moccasin is lightly wounded.
The water moccasin bites you!
The orc priest looks satisfied for a moment.
The water moccasin bites you. The orc hits you but does no damage.
The orc priest calls down the wrath of Beogh upon you.
Beogh smites you!
You hear a shout! x2
The water moccasin barely misses you.
The orc priest mumbles some strange prayers to Beogh against you.
Beogh smites you!
* * * LOW HITPOINT WARNING * * *
The orc priest looks braver for a moment.
The water moccasin bites you but does no damage.
You are too injured to fight recklessly!
You completely miss the water moccasin.
The water moccasin is lightly wounded.
You block the water moccasin's attack.
An orc comes into view. It is wielding a +0 falchion.
The water moccasin closely misses you.
You hit the water moccasin.
The water moccasin is lightly wounded.
The water moccasin barely misses you.
You sock the water moccasin!
The water moccasin is heavily wounded.
The water moccasin bites you.
The orc priest looks encouraged for a moment.
The orc priest looks braver for a moment.
The water moccasin bites you.
* * * LOW HITPOINT WARNING * * *
You hit the water moccasin but do no damage.
The water moccasin is heavily wounded.
The orc priest calls down the wrath of Beogh upon you.
Beogh smites you!
* * * LOW HITPOINT WARNING * * *
The water moccasin bites you but does no damage.
The water moccasin bites you.
You die...

#...# # ###...###
# #....<..# #
########.......###
#.................
#.########>..#..##
#.# #...#..## #.#
##.##..## #@#
#.##.... #S#######
#.###.## #oo..#...
..# #.# #oo......
... #.# #.o.....#
#o#......
#........
#.>......
#...#...#


You could see a water moccasin, 3 orc priests and 3 orcs.

Vanquished Creatures
  An ice beast (D:4)
  A hound (D:6)
  Jessica (D:3)
  4 orc wizards
  An iguana (D:5)
  Natasha (thrice) (D:3)
  2 adders (D:3)
  2 worms
  A dart slug (D:1)
  10 orcs
  3 endoplasms
  5 giant cockroaches
  4 goblins
  6 hobgoblins
  3 quokkas
  6 ball pythons
  5 bats
  2 frilled lizards
  4 kobolds
  A rat (D:1)
65 creatures vanquished.

Vanquished Creatures (others)
  A fungus (D:2)
1 creature vanquished.

Grand Total: 66 creatures vanquished

Notes
Turn   | Place    | Note
-------+----------+-------------------------------------------
     0 | D:1      | HotDog the Gargoyle Fighter began the quest for the Orb.
     0 | D:1      | Reached XP level 1. HP: 14/14 MP: 1/1
   149 | D:1      | Reached XP level 2. HP: 16/19 MP: 2/2
  1081 | D:2      | Reached XP level 3. HP: 23/23 MP: 3/3
  1506 | D:2      | Found a faded altar of an unknown god.
  1904 | D:3      | Noticed Jessica
  2075 | D:3      | Noticed Natasha
  2087 | D:3      | Killed Natasha
  2088 | D:3      | Reached XP level 4. HP: 20/29 MP: 4/4
  2099 | D:3      | Killed Jessica
  2475 | D:3      | Reached XP level 5. HP: 21/33 MP: 5/5
  2768 | D:3      | Noticed Natasha
  2776 | D:3      | Killed Natasha
  2831 | D:3      | Noticed Natasha
  2847 | D:3      | Killed Natasha
  3273 | D:4      | Noticed an ice beast
  3285 | D:4      | Killed an ice beast
  3286 | D:4      | Reached skill level 1 in Dodging
  3286 | D:4      | Reached XP level 6. HP: 9/38 MP: 6/6
  4061 | D:4      | Found a staircase to the Ecumenical Temple.
  4073 | D:4      | Noticed a black bear
  4074 | D:4      | Noticed a steam dragon
  4078 | Temple   | Entered the Ecumenical Temple
  4357 | Temple   | Became a worshipper of the Shining One
  4369 | D:4      | Identified a scroll of acquirement
  4369 | D:4      | Acquired the -4 hat of Nice Intercession {Regen+ rCorr
                  | Dex+3 Stlth+}
  4391 | D:5      | Entered Level 5 of the Dungeon
  5065 | D:5      | Found a radiant altar of Vehumet.
  5407 | D:5      | You fall into a shaft and drop 1 floor!
  5471 | D:6      | Reached XP level 7. HP: 11/44 MP: 7/7
  5749 | D:6      | HP: 1/44 [orc priest/divine providence (12)]
  5749 | D:6      | Slain by a water moccasin

Illustrated notes

Levels and vault maps discovered:
D:1:      lemuel_arrival_cross, layout_rooms, minmay_split_cup_small
D:2:      layout_loops_ring, dreamdust_ecumenical_altar_hidden_monk_grotto,
          serial_co_window_serial, co_window_corner_a, co_window_paths_a,
          co_window_of_opportunity_a, co_window_paths_a, co_window_cross_1,
          co_window_of_opportunity_a, co_window_paths_c, co_window_2corner,
          co_window_2corner
D:3:      layout_loops_cross, minmay_misc_feat_four_crosses, uniq_natasha,
          uniq_jessica
D:4:      layout_layer_cave, minmay_temple_entry_waves, kennysheep_dice,
          uniq_grinder
D:5:      layout_loops_corners, fiery_altar_vehumet, nicolae_shop_unique_rings
D:6:      cheibrodos_barr_body, layout_loops_ring,
          mainiacjoe_overflow_boulevard, minitemple, lightli_sewer_entry_pipes,
          hangedman_abyss_or_decor_passed, kennysheep_potato, uniq_menkaure
Temple:   nicolae_temple_god_jail

Skill      XL: |  1  2  3  4  5  6 |
---------------+-------------------+-----
Maces & Flails | 3 4 |  4.7
Armour         | 4 |  4.8
Fighting       | 4 |  4.5
Dodging        | 1 |  1.4
Shields        | 4 |  4.1
Invocations    | |  0.7

Action                   |  1- 3 |  4- 6 |  7- 9 || total
-------------------------+-------+-------+-------++-------
Melee: Flail             |   118 |   163 |     5 ||   286
  Use: Scroll            |     3 |     2 |       ||     5
       Potion            |     1 |     3 |       ||     4
Armor: Scale mail        |    58 |       |       ||    58
       Chain mail        |    13 |   179 |     3 ||   195
Dodge: Dodged            |    57 |    84 |     3 ||   144
Block: Buckler           |    27 |    42 |     1 ||    70

Table legend: (Time is in decaauts)
 A = Elapsed time spent in this place.
 B = Non-inter-level travel time spent in this place.
 C = Inter-level travel time spent in this place.
 D = Time resting spent in this place.
 E = Time spent auto-exploring this place.
 F = Levels seen in this place.
 G = Mean time per level.
                   A        B        C        D        E       F      G
               +--------+--------+--------+--------+--------+-----+--------+
         Total |   5853 |   5655 |    198 |    902 |   3895 |   7 |  836.1 |
       Dungeon |   5563 |   5372 |    191 |    746 |   3845 |   6 |  927.2 |
        Temple |    289 |    282 |      7 |    156 |     50 |   1 |  289.0 |
               +--------+--------+--------+--------+--------+-----+--------+

Top non-repeatable levels by time:
     D:3: 1347 daAuts
     D:2: 1259 daAuts
     D:5: 1038 daAuts
     D:4: 891 daAuts
     D:1: 679 daAuts
     D:6: 347 daAuts
  Temple: 289 daAuts
